 Dungeon Crawl Stone Soup version 0.13.0-6-g40e4d2d (webtiles) character file.

1058 MirrMurr the Grave Robber (level 7, -2/32 HPs)
             Began as a Spriggan Necromancer on Oct 15, 2013.
             Was a Follower of Vehumet.
             Slain by a mummy (17 damage)
             ... on Level 6 of the Dungeon.
             The game lasted 00:36:53 (8391 turns).

MirrMurr the Grave Robber (Spriggan Necromancer)    Turns: 8391, Time: 00:36:53

HP  -2/32        AC  3     Str  8      XL: 7   Next: 50%
MP  21/21        EV 20     Int 20      God: Vehumet [*.....]
Gold 298         SH  0     Dex 16      Spells:  6 memorised,  3 levels left

Res.Fire  : . . .   See Invis. : +   a - +0,+1 dwarf dagger (flame)
Res.Cold  : . . .   Warding    : +   k - +0 robe
Life Prot.: + . .   Conserve   : .   (shield restricted)
Res.Poison: .       Res.Corr.  : .   (helmet restricted)
Res.Elec. : .       Clarity    : .   H - +0 cloak
Sust.Abil.: . .     Spirit.Shd : .   (gloves unavailable)
Res.Mut.  : .       Stasis     : .   (boots unavailable)
Res.Rott. : .       Flight     : .   y - amulet of Divine Compulsion {Ward Str+2 Int+3}
Saprovore : . . .                    (no ring)
                                     (no ring)

@: very quick, somewhat resistant to hostile enchantments, quite stealthy
A: unfitting armour, see invisible, herbivore 3, speed 3, slow metabolism 2
a: Renounce Religion


You were on level 6 of the Dungeon.
You worshipped Vehumet.
Vehumet was aware of your devotion.
You were not hungry.

You visited 2 branches of the dungeon, and saw 7 of its levels.

You collected 278 gold pieces.

Inventory:

Hand weapons
 a - a +0,+1 dwarven dagger of flaming (weapon)
 b - a +0 blowgun
 e - a +0,+0 sling
 f - a +0,+0 spear
 i - a +0,+0 whip
 p - a +0,+0 dwarven dagger
 F - a +1,+3 orcish dagger
Missiles
 g - 13 darts (quivered)
 v - 28 poisoned needles
Armour
 k - a +0 robe (worn)
 H - a +0 cloak (worn)
Magical devices
 A - a wand of cold (1)
 C - a wand of polymorph (16) {unknown}
Comestibles
 u - 2 bread rations
 x - 2 chokos
 z - 2 pears
Scrolls
 d - 4 scrolls of teleportation
 l - a scroll of enchant weapon II {unknown}
 B - a scroll of identify
 E - 2 scrolls of blinking {unknown}
 K - a scroll of remove curse
Jewellery
 m - a +3 ring of protection {unknown}
 y - the amulet of Divine Compulsion (around neck) {Ward Str+2 Int+3}
   (You took it off an orc on level 4 of the Dungeon)

   [amulet of warding]

   It affects your strength (+2).
   It affects your intelligence (+3).
 D - an uncursed amulet of inaccuracy {unknown}
 I - an uncursed ring of ice {unknown}
 J - a cursed ring of hunger {unknown}
Potions
 c - a potion of porridge
 j - 2 potions of heal wounds {unknown}
 n - a potion of mutation {unknown}
 o - a potion of degeneration {unknown}
 q - a potion of poison {unknown}
 r - 2 potions of paralysis {unknown}
 s - a potion of speed {unknown}
 G - a potion of curing {unknown}
Books
 h - a book of the Sky

   Spells                             Type                      Level
   Flight                             Charms/Air                   3
   Airstrike                          Air                          4
   Silence                            Hexes/Air                    5
   Deflect Missiles                   Charms/Air                   6
   Conjure Ball Lightning             Conjuration/Air              7
   Tornado                            Air                          9
 t - a book of Hinderance

   Spells                             Type                      Level
   Confusing Touch                    Hexes                        1
   Slow                               Hexes                        2
   Confuse                            Hexes                        3
   Petrify                            Transmutation/Earth          4
   Leda's Liquefaction                Hexes/Earth                  4
   Metabolic Englaciation             Hexes/Ice                    6
 w - a book of Necromancy

   Spells                             Type                      Level
   *Pain                              Necromancy                   1
   *Animate Skeleton                  Necromancy                   1
   *Lethal Infusion                   Charms/Necromancy            2
   Vampiric Draining                  Necromancy                   3
   *Regeneration                      Charms/Necromancy            3
   *Animate Dead                      Necromancy                   4
   Control Undead                     Necromancy                   4


   Skills:
 - Level 2.4 Short Blades
 - Level 5.0 Dodging
 - Level 5.1 Stealth
 + Level 4.7 Spellcasting
 * Level 1.9 Conjurations
 - Level 5.6 Necromancy
 + Level 1.0 Air Magic


You had 3 spell levels left.
You knew the following spells:

 Your Spells              Type           Power        Failure   Level  Hunger
a - Pain                  Necr           ####         1%          1    None
b - Animate Skeleton      Necr           N/A          1%          1    None
c - Lethal Infusion       Chrm/Necr      ###.......   10%         2    #......
d - Regeneration          Chrm/Necr      ###.......   14%         3    ###....
e - Animate Dead          Necr           N/A          14%         4    ####...
f - Shock                 Conj/Air       ##..         10%         1    None


Dungeon Overview and Level Annotations

Branches:
Dungeon (6/27)             Temple (1/1) D:4
    Orc: D:6-11

Altars:
Ashenzari
Cheibriados
Fedhas
Kikubaaqudgha
Makhleb
Nemelex Xobeh
Sif Muna
Trog
Vehumet
Xom
Yredelemnul
Zin
the Shining One

Annotations:
D:2 pda here, exclusion: 3 doors
D:5 exclusion: ice beast


Innate Abilities, Weirdness & Mutations

You are tiny and cannot use many weapons and most armour.
You have supernaturally acute eyesight.
You are a herbivore.
You cover ground extremely quickly.
You need consume almost no food.


Message History

Orders for allies: a - Attack new target. r - Retreat! s - Stop attacking. w - Wait here. f - Follow me.
Anything else - Stay silent.
Gang up on whom?
Press: ? - help, Dir - move target cursor, f - mummy
Aim: a mummy Attack!
The mummy hits your centaur skeleton!
Your centaur skeleton barely misses the mummy.
The mummy hits your centaur skeleton!
Your centaur skeleton is destroyed!
Your quokka skeleton bites the mummy.
The mummy hits your quokka skeleton!
Your quokka skeleton is destroyed!
Your scorpion zombie hits the mummy.
Your scorpion zombie barely misses the mummy.
Your scorpion zombie hits the mummy.
Your scorpion zombie hits the mummy.
The mummy hits you!
Ouch! That really hurt!
You die...

#.?..# ### # #....# #..
.###....# #.. ........# #..
#####......# ##########
#...#....(.# #...#...#
###..........#######...#...##
...............z..[...........
<.......%.)..@M.........%.....
........%.(..(................
######...###.(##.>....###....#
#.....# #..##......###..)##
#......# #..#####.....####..
......... ...# #.....# #.z
#...#....#... #.....## #..
####....#...# #......# ###
#....#...# #.####.#


You could see a mummy and a friendly scorpion zombie.

Vanquished Creatures
  A giant frog (D:6)
  A centaur (D:6)
  A crimson imp (D:6)
  Crazy Yiuf (D:5)
  3 scorpions
  A hound (D:4)
  5 worker ants
  3 gnolls (D:5)
  6 adders
  2 giant mites
  An inept feature mimic (D:5)
  4 worms
  An adder skeleton (D:6)
  2 giant eyeballs (D:5)
  7 giant geckos
  9 orcs
  5 giant cockroaches
  13 hobgoblins
  9 jackals
  9 kobolds
  3 quokkas
  10 bats
  6 giant newts
  10 goblins
  An orc skeleton (D:4)
  12 rats
  A rat skeleton (D:5)
127 creatures vanquished.

Vanquished Creatures (collateral kills)
  An ogre (D:4)
  A hound (D:6)
  A mummy (D:5)
  An adder (D:2)
  A giant mite (D:1)
  A worm (D:2)
  An adder skeleton (D:4)
  A goblin (D:3)
  A kobold (D:5)
  A fungus (D:5)
10 creatures vanquished.

Vanquished Creatures (others)
  A centaur skeleton (D:6)
  A hound skeleton (D:4)
  A worker ant zombie (D:4)
  3 bat skeletons
  A giant newt skeleton (D:3)
  A gnoll skeleton (D:5)
  4 goblin skeletons
  A hobgoblin skeleton (D:2)
  2 jackal skeletons (D:4)
  An orc skeleton (D:4)
  A quokka skeleton (D:6)
  3 rat skeletons
20 creatures vanquished.

Grand Total: 157 creatures vanquished

Notes
Turn   | Place    | Note
--------------------------------------------------------------
     0 | D:1      | MirrMurr, the Spriggan Necromancer, began the quest for the Orb.
     0 | D:1      | Reached XP level 1. HP: 9/9 MP: 4/4
   491 | D:1      | Reached XP level 2. HP: 11/13 MP: 4/6
   494 | D:1      | Learned a level 1 spell: Animate Skeleton
   497 | D:1      | Learned a level 2 spell: Lethal Infusion
   911 | D:1      | Reached skill level 4 in Necromancy
  1370 | D:2      | Reached XP level 3. HP: 1/16 MP: 0/9
  1927 | D:2      | Reached skill level 1 in Short Blades
  1927 | D:2      | Reached XP level 4. HP: 13/21 MP: 2/12
  1947 | D:2      | Learned a level 3 spell: Regeneration
  2080 | D:2      | Found a shimmering altar of Xom.
  2914 | D:3      | Found a sparkling altar of Nemelex Xobeh.
  3541 | D:3      | Reached XP level 5. HP: 18/24 MP: 10/15
  3877 | D:4      | Noticed a phantom
  4359 | D:4      | Reached skill level 5 in Necromancy
  4513 | D:4      | Found a staircase to the Ecumenical Temple.
  4754 | D:4      | Noticed an ice beast
  4770 | D:4      | Got a scintillating bronze amulet
  4841 | Temple   | Entered the Ecumenical Temple
  5034 | Temple   | Became a worshipper of Vehumet
  5149 | D:4      | HP: 1/24 [ice beast (11)]
  5677 | D:4      | Identified the amulet of Divine Compulsion {Ward Str+2 Int+3} (You took it off an orc on level 4 of the Dungeon)
  5727 | D:4      | Reached XP level 6. HP: 17/28 MP: 10/18
  5734 | D:4      | Learned a level 4 spell: Animate Dead
  6253 | D:5      | Entered Level 5 of the Dungeon
  6699 | D:5      | Reached skill level 5 in Stealth
  6842 | D:5      | Found a sand-covered staircase.
  6889 | D:5      | Acquired Vehumet's first power
  6889 | D:5      | Offered knowledge of Shock by Vehumet.
  6892 | D:5      | Learned a level 1 spell: Shock
  7046 | D:5      | Found a sparkling altar of Nemelex Xobeh.
  7616 | D:5      | Noticed Crazy Yiuf
  7631 | D:5      | Killed Crazy Yiuf
  7631 | D:5      | Reached skill level 5 in Dodging
  7631 | D:5      | Reached XP level 7. HP: 26/32 MP: 14/20
  7810 | D:6      | Reached skill level 1 in Conjurations
  8238 | D:6      | Reached skill level 1 in Air Magic
  8391 | D:6      | Slain by a mummy

Action                   |  1- 3 |  4- 6 |  7- 9 || total
-------------------------+-------+-------+-------++-------
Melee: Short sword       |     2 |    71 |       ||    73
       Dagger            |       |    12 |    10 ||    22
 Cast: Pain              |    54 |   210 |    31 ||   295
       Animate Skeleton  |    10 |    35 |     4 ||    49
       Lethal Infusion   |     1 |       |       ||     1
       Regeneration      |       |     2 |       ||     2
       Animate Dead      |       |     2 |     1 ||     3
       Shock             |       |     1 |       ||     1
Evoke: Wand              |       |     2 |       ||     2
  Use: Scroll            |     2 |     6 |       ||     8
 Stab: Sleeping          |       |     2 |     1 ||     3
